AoeStats
← Tavik

African Clearing

510411479Analyzed
4v4 RM · 13h ago on Sep 30, 2026· 44m 49s· 8 players
Game mode
Random Map
Map size
Large (8 player)
Population
200
Speed
Normal
Resources
Standard
Victory
Conquest
Starting age
Dark Age
Ending age
Imperial Age
RankedLock teamsTeams togetherTeam positionsShared explorationLock speedFull tech treeHidden civsTurbo modeCheats
Victory
Defeat
🇬🇧 Ethiopians · United Kingdom
1322
+16
🇨🇿 Sicilians · Czechia
1292
+18
🇳🇴 Mapuche · Norway
1241
+20
🇩🇪 Turks · Germany
1241
+20
🇩🇪 Khmer · Germany
1447
-24
🇩🇪 Burmese · Germany
1399
-21
🇩🇪 Vietnamese · Germany
1305
-18
🇩🇪 Burgundians · Germany
1148
-11
Leon
5:30 Loom
13:57 Feudal Age
18:05 Castle Age
15:51 Double-Bit Axe
17:13 Horse Collar
28:41 Wheelbarrow
30:28 Hand Cart
30:06 Fletching
30:16 Padded Archer Armor
30:38 Forging
30:29 Scale Mail Armor
30:35 Gold Mining
30:35 Stone Mining
31:02 Royal Heirs
32:35 Chain Mail Armor
32:56 Iron Casting
32:23 Squires
32:08 Arson
33:54 Stone Shaft Mining
33:58 Gold Shaft Mining
36:31 Imperial Age
34:40 Masonry
38:14 Blast Furnace
36:41 Elite Shotel Warrior
38:08 Plate Mail Armor
40:47 Conscription
Dagis
6:15 Loom
13:14 Feudal Age
17:13 Castle Age
15:10 Double-Bit Axe
15:15 Gold Mining
16:53 Fletching
18:01 Bodkin Arrow
34:07 Wheelbarrow
34:54 Ballistics
38:52 Hand Cart
42:03 Imperial Age
40:14 Pikeman
40:43 Town Watch
42:10 Elite Bolas Rider
45:15 Chemistry
44:23 Onager
Tavik
6:08 Loom
13:01 Feudal Age
13:28 Town Watch
19:50 Fletching
24:07 Castle Age
28:38 Wheelbarrow
32:02 Horse Collar
35:31 Bloodlines
38:45 Double-Bit Axe
43:45 Imperial Age
41:58 Scale Barding Armor
42:04 Forging
41:57 Husbandry
43:13 Chain Barding Armor
45:08 Plate Barding Armor
45:29 Hauberk
pro_backseatgamer
11:51 Loom
14:13 Feudal Age
19:12 Castle Age
18:22 Double-Bit Axe
18:30 Gold Mining
18:22 Horse Collar
37:40 Bow Saw
41:40 Imperial Age
Aremenius
11:23 Loom
12:18 Loom
14:03 Feudal Age
15:51 Horse Collar
18:13 Castle Age
17:14 Scale Barding Armor
18:09 Gold Mining
19:05 Bloodlines
30:20 Elite Skirmisher
31:29 Squires
31:28 Fletching
33:26 Bodkin Arrow
33:31 Padded Archer Armor
36:19 Husbandry
vR-MrReD
3:01 Loom
12:38 Feudal Age
16:27 Castle Age
14:57 Double-Bit Axe
26:56 Imperial Age
29:21 Horse Collar
41:03 Bloodlines
42:05 Gold Mining
43:45 Scale Barding Armor
43:50 Forging
45:10 Wheelbarrow
44:12 Cavalier
45:06 Husbandry
_EA_Baer
4:12 Loom
13:23 Feudal Age
17:56 Castle Age
20:06 Fletching
29:20 Bodkin Arrow
33:47 Padded Archer Armor
37:43 Imperial Age
36:45 Leather Archer Armor
42:50 Bracer
xxxDonPabloxxx
5:27 Loom
7:44 Loom
13:25 Feudal Age
20:19 Fletching
21:43 Double-Bit Axe
23:36 Scale Barding Armor
23:42 Forging
28:19 Bow Saw
34:55 Castle Age
37:22 Horse Collar
38:11 Cavalier
39:30 Chain Barding Armor
Connection lost

Rejoining the realm…

Still unreachable

The connection could not be restored.

Session expired

The server has moved on; the page needs a fresh start.